 Dungeon Crawl Stone Soup version 0.31-a0-188-g5e087ee2ca (webtiles) character file.

Game seed: 4977322034037498263

135 qw the Skirmisher (level 4, 0/25 HPs)
             Began as a Deep Elf Hunter on June 23, 2023.
             Was an Initiate of Okawaru.
             Slain by an ufetubus (3 damage)
             ... on level 4 of the Dungeon.
             The game lasted 00:00:54 (2409 turns).

qw the Skirmisher (Deep Elf Hunter)                 Turns: 2409, Time: 00:00:54

Health: 0/25       AC:  5    Str: 10    XL:     4   Next: 96%
Magic:  6/6        EV: 11    Int: 14    God:    Okawaru [......]
Gold:   109        SH:  0    Dex: 24    Spells: 3/3 levels left

rFire   . . .        Y - +0 shortbow
rCold   . . .        (shield currently unavailable)
rNeg    . . .        e - +0 ring mail
rPois   .            (no helmet)
rElec   .            (no cloak)
rCorr   .            (no gloves)
SInv    .            (no boots)
Will    .....        (no amulet)
Stlth   ++           h - +6 ring of dexterity
HPRegen 0.24/turn    (no ring)
MPRegen 0.10/turn

%: no passive effects
@: no status effects
A: no striking features
a: Renounce Religion


You were on level 4 of the Dungeon.
You worshipped Okawaru.
Okawaru was noncommittal.
You visited 1 branch of the dungeon, and saw 4 of its levels.

You collected 109 gold pieces.


   Skills:
 - Level 1.5 Fighting
 - Level 8.3 Ranged Weapons
 + Level 2.5 Dodging
 - Level 1.2 Stealth


You had 3 spell levels left.
You didn't know any spells.
Your spell library was empty.

Inventory:

Hand Weapons
 Y - a +0 shortbow (weapon)
Armour
 e - a +0 ring mail (worn)
Jewellery
 d - a ring of ice
 h - a +6 ring of dexterity (left hand)
Scrolls
 b - a scroll of identify
Potions
 a - a potion of heal wounds
 f - a potion of degeneration {unknown}

Dungeon Overview and Level Annotations

Branches:
Dungeon (4/15)
 Temple: D:4-7

Altars:
Okawaru

Annotations:
D:2 1 runed translucent door, Crazy Yiuf
D:4 Edmund


Message History

The ufetubus closely misses you. The ufetubus hits you.
Edmund says, "I'm quite good with sums, too."
The ufetubus barely misses you. The ufetubus closely misses you.
The adder closely misses you.
You shoot an arrow. The arrow hits the adder.
The adder is moderately wounded.
The ufetubus misses you. The ufetubus barely misses you.
The adder closely misses you. The ufetubus hits you.
The ufetubus barely misses you. The adder closely misses you.
You shoot an arrow. The arrow barely misses the adder.
The arrow hits Edmund but does no damage.
Edmund is moderately wounded.
The ufetubus completely misses you. The ufetubus hits you.
The adder completely misses you. The ufetubus closely misses you.
The ufetubus hits you but does no damage.
You shoot an arrow. The arrow hits the adder.
The adder is severely wounded.
The adder bites you. The ufetubus misses you. The ufetubus barely misses you.
You shoot an arrow.
The arrow hits the adder but does no damage.
The adder is severely wounded.
The ufetubus closely misses you. x2; The adder bites you.
The kobold closely misses you. The phantom hits you.
The phantom blinks!
You blink.
You shoot an arrow. The arrow hits the phantom.
The phantom is moderately damaged.
The phantom closely misses you.
You shoot an arrow. The arrow closely misses the adder.
The adder bites you but does no damage. The ufetubus hits you.
The ufetubus closely misses you. The phantom closely misses you.
The adder bites you but does no damage.
You shoot an arrow. The arrow misses the adder.
The ufetubus misses you. The ufetubus hits you. The phantom closely misses you.
The adder closely misses you. The ufetubus hits you. x2
You shoot an arrow. The arrow barely misses the adder.
The adder bites you. The ufetubus closely misses you. The ufetubus misses you.
The kobold misses you. The phantom hits you. The adder barely misses you.
The ufetubus hits you but does no damage.
The ufetubus hits you.
You die...

### ###...#
#..##.#...#####
#.........##..#
##............#
#.............#
#............##
......#..@...###
...###..S5K.## .
##.#@W##
.###.#..###
.?........# ##
....####..###..##
.....#...........
.........(.......
.........<.......
..........%.....
................


You could see Edmund, a phantom, an adder, an ufetubus and a kobold.

Vanquished Creatures
  Natasha (D:2)
  4 adders
  2 worms
  4 dart slugs
  4 ball pythons
  3 endoplasms
  4 giant cockroaches
  8 goblins
  6 hobgoblins
  5 jackals (D:2)
  4 bats
  3 frilled lizards
  2 kobolds
  7 rats
57 creatures vanquished.

Notes
Turn   | Place    | Note
-------+----------+-------------------------------------------
     0 | D:1      | qw the Deep Elf Hunter began the quest for the Orb.
     0 | D:1      | Reached XP level 1. HP: 12/12 MP: 3/3
     0 | D:1      | 0 ||| qw: Version: 0.3-a-9-g12657ce
     0 | D:1      | 0 ||| qw: Game counter: 4398
     0 | D:1      | 0 ||| qw: Always use a shield: true
     0 | D:1      | 0 ||| qw: God list: Okawaru
     0 | D:1      | 0 ||| qw: Allow faded altars: false
     0 | D:1      | 0 ||| qw: Do Orc after D:15 true
     0 | D:1      | 0 ||| qw: Do second Lair branch before Depths: true
     0 | D:1      | 0 ||| qw: Lair rune preference: random
     0 | D:1      | 0 ||| qw: Plans: Normal
     0 | D:1      | 0 ||| PLANNING D:1-11
   178 | D:1      | Reached XP level 2. HP: 16/16 MP: 4/4
   183 | D:1      | Reached skill level 6 in Ranged Weapons
   546 | D:1      | Reached XP level 3. HP: 20/20 MP: 5/5
   678 | D:1      | 678 ||| UPGRADING to +0 ring mail.
   688 | D:1      | 688 ||| DROPPING +0 leather armour.
   689 | D:1      | 689 ||| READING scroll labelled IDDYCI BICIDGH.
   694 | D:1      | 694 ||| READING scroll labelled HYDAURGH RILAUN.
   695 | D:1      | 695 ||| READING scroll labelled HEYTYMN SOLUIL.
   796 | D:1      | 796 ||| DROPPING scroll of butterflies.
   808 | D:2      | Found an iron altar of Okawaru.
   809 | D:2      | 809 ||| PLANNING OKAWARU WORSHIP
   813 | D:2      | Became a worshipper of Warmaster Okawaru
   814 | D:2      | 814 ||| PLANNING D:1-11
   883 | D:2      | Found a runed translucent door.
   884 | D:2      | Noticed Crazy Yiuf
   922 | D:2      | 922 ||| Stepping ~*~*~tactically~*~*~ (outnumbered).
   929 | D:2      | Reached skill level 7 in Ranged Weapons
  1068 | D:2      | Noticed Natasha
  1085 | D:2      | Killed Natasha
  1086 | D:2      | Reached XP level 4. HP: 19/25 MP: 6/6
  1401 | D:2      | 1401 ||| DROPPING ring of flight.
  1402 | D:2      | 1402 ||| READING scroll labelled ILOKKA UBYTYUM.
  1403 | D:2      | 1403 ||| READING scroll labelled FOEDUD RUNI.
  1404 | D:2      | 1404 ||| DRINKING 2 fuming green potions.
  1585 | D:3      | Reached skill level 8 in Ranged Weapons
  2286 | D:3      | 2286 ||| UPGRADING to +6 ring of dexterity.
  2287 | D:3      | 2287 ||| READING scroll labelled JUEL OROFI.
  2288 | D:3      | 2288 ||| READING scroll labelled FOBEEH FUIZ MUK.
  2289 | D:3      | 2289 ||| READING scroll labelled OTABIS KASS.
  2290 | D:3      | 2290 ||| DRINKING 2 emerald potions.
  2291 | D:3      | 2291 ||| DRINKING 2 golden potions.
  2292 | D:3      | 2292 ||| DRINKING potion of curing.
  2292 | D:3      | 2292 ||| (to cure confusion)
  2293 | D:3      | 2293 ||| DROPPING potion of ambrosia.
  2375 | D:4      | 2375 ||| PLANNING OSSUARY
  2394 | D:4      | Noticed Edmund
  2396 | D:4      | Noticed a phantom
  2409 | D:4      | HP: 3/25 [phantom (5)]
  2409 | D:4      | Slain by an ufetubus

Levels and vault maps discovered:
D:1:      minmay_arrival_doors, layout_basic, serial_forest,
          infiniplex_forest_corner_1, infiniplex_forest_end_3,
          infiniplex_forest_lined_room_2, infiniplex_forest_clump_diagonal
D:2:      layout_rooms, basic_altar, columned_hall_lemuel,
          uniq_crazy_yiuf_cottage, uniq_natasha
D:3:      layout_loops_ring, kennysheep_small_spiral
D:4:      layout_cave_pools, overflow_temple_1_default,
          lightli_ossuary_entry_decrepit_ruins, uniq_edmund, uniq_pikel

Skill      XL: |  1  2  3  4 |
---------------+-------------+-----
Ranged Weapons | 6 7 8 |  8.3
Fighting       | |  1.5
Dodging        | |  2.5
Stealth        | |  1.2

Action                     |  1- 3 |  4- 6 || total
---------------------------+-------+-------++-------
   Fire: Shortbow          |   125 |    74 ||   199
    Use: Scroll            |     3 |     5 ||     8
         Potion            |       |     4 ||     4
 Armour: Leather armour    |     6 |       ||     6
         Ring mail         |    16 |    12 ||    28
  Dodge: Dodged            |    33 |    46 ||    79

Table legend:
 A = Non-vault XP
 B = Vault XP
 C = Vault XP percentage of total XP
 D = Non-vault monster count
 E = Vault monster count
 F = Vault count percentage of total count
                 A         B        C        D         E       F
            +---------+---------+-------+---------+---------+-------
      Total |     156 |      37 |  19.2 |      56 |       1 |   1.8
            +---------+---------+-------+---------+---------+-------
        D:1 |      42 |       0 |   0.0 |      25 |       0 |   0.0
        D:2 |      61 |      37 |  37.8 |      18 |       1 |   5.3
        D:3 |      49 |       0 |   0.0 |      12 |       0 |   0.0
        D:4 |       4 |       0 |   0.0 |       1 |       0 |   0.0
            +---------+---------+-------+---------+---------+-------
